 Dungeon Crawl Stone Soup version 0.30-a0-305-g026cb31310 (webtiles) character file.

Game seed: 15913615303911223585

2230 McGhostyFace the Covert (level 9, -1/66 (74) HPs)
             Began as a Gnoll Delver on Oct 23, 2022.
             Was an Initiate of Gozag.
             Slain by a wight
             ... wielding a +4 mace
              (7 damage)
             ... on level 7 of the Dungeon.
             The game lasted 00:21:16 (8026 turns).

McGhostyFace the Covert (Gnoll Delver)              Turns: 8026, Time: 00:21:16

HP:   -1/66 (74)    AC:  8    Str: 15    XL:     9   Next: 36%
MP:   3/15          EV: 16    Int: 17    God:    Gozag
Gold: 344           SH:  0    Dex: 19    Spells: 12/16 levels left

rFire   . . .      SeeInvis .    b - +2 dagger (vamp)
rCold   . . .      Faith    .    (no shield)
rNeg    . . .      Spirit   .    f - +4 robe of Augmentation {Str+4 Int+4 Dex+4}
rPois   +          Reflect  .    (no helmet)
rElec   .          Harm     .    (no cloak)
rCorr   .          Rampage  .    (no gloves)
Will    +....                    k - +1 pair of boots
Stlth   +++++.....               (no amulet)
HPRegen 0.31/turn                o - ring of poison resistance
MPRegen 0.14/turn                A - ring of willpower

@: very slightly contaminated, heavily drained
A: fangs 1, strong nose, distributed training
a: Renounce Religion, Potion Petition, Call Merchant, Bribe Branch


You were on level 7 of the Dungeon.
You worshipped Gozag.
Gozag was aware of your devotion.
You visited 1 branch of the dungeon, and saw 7 of its levels.

You collected 515 gold pieces.
You spent 100 gold pieces at shops.
You paid 71 gold pieces to Gozag.

Inventory:

Hand Weapons
 a - a +0 short sword
 b - a +2 vampiric dagger (weapon)
 p - a +0 long sword
Armour
 f - the +4 robe of Augmentation (worn) {Str+4 Int+4 Dex+4}
   (You found it on level 3 of the Dungeon)

   Str:       It affects your strength (+4).
   Int:       It affects your intelligence (+4).
   Dex:       It affects your dexterity (+4).
 k - a +1 pair of boots (worn)
Jewellery
 o - a ring of poison resistance (left hand)
 x - a ring of protection from cold
 A - a ring of willpower (right hand)
Wands
 g - a wand of digging (1)
 y - a wand of flame (7)
 F - a wand of roots (17)
Scrolls
 c - 3 scrolls of fog
 d - 3 scrolls of magic mapping
 e - a scroll of fear
 i - 2 scrolls of teleportation
 j - a scroll of torment {unknown}
 l - 3 scrolls of blinking
 m - a scroll of enchant weapon {unknown}
 q - a scroll of poison
 r - 2 scrolls of silence
 s - a scroll of enchant armour
 w - 2 scrolls of amnesia
 C - a scroll of vulnerability {unknown}
 D - a scroll of summoning {unknown}
Potions
 h - a potion of haste
 n - a potion of brilliance {unknown}
 t - a potion of flight {unknown}
 u - a potion of attraction {unknown}
 v - a potion of curing
 z - a potion of heal wounds {unknown}
 B - a potion of magic {unknown}
 E - a potion of degeneration {unknown}


   Skills:
 + Level 7.9 Fighting
 + Level 6.4 Short Blades
 + Level 4.3 Long Blades
 + Level 4.3 Axes
 + Level 4.3 Maces & Flails
 + Level 4.3 Polearms
 + Level 4.3 Staves
 + Level 4.3 Ranged Weapons
 + Level 4.3 Throwing
 + Level 4.3 Armour
 + Level 6.4 Dodging
 + Level 10.5 Stealth
 + Level 4.3 Shields
 + Level 4.3 Unarmed Combat
 + Level 4.3 Spellcasting
 + Level 3.5 Conjurations
 + Level 3.5 Hexes
 + Level 3.5 Summonings
 + Level 3.5 Necromancy
 + Level 3.5 Translocations
 + Level 3.5 Transmutations
 + Level 3.5 Fire Magic
 + Level 3.5 Ice Magic
 + Level 3.5 Air Magic
 + Level 3.5 Earth Magic
 + Level 3.5 Poison Magic
 + Level 4.8 Invocations
 + Level 4.3 Evocations


You had 12 spell levels left.
You knew the following spells:

 Your Spells              Type           Power      Damage    Failure   Level
a - Summon Small Mammal   Summ           60%        N/A       3%          1
b - Call Canine Familiar  Summ           15%        N/A       11%         3

Your spell library contained the following spells:

 Spells                   Type           Power      Damage    Failure   Level
 Hailstorm                Conj/Ice       15%        3d5       11%         3
 Summon Guardian Golem    Hex/Summ       15%        N/A       11%         3
 Ice Form                 Ice/Tmut       15%        N/A       34%         4
 Manifold Assault         Tloc           15%        N/A       34%         4
 Dispersal                Tloc           7%         N/A       99%         6
 Disjunction              Tloc           7%         N/A       100%        8
 Simulacrum               Ice/Necr       Unusable   N/A       N/A         6

Dungeon Overview and Level Annotations

Branches:
Dungeon (7/15)             Temple (0/1) D:7

Altars:
Fedhas
Gozag
Okawaru
Sif Muna
Uskayaw
Vehumet
Yredelemnul

Shops:
D:1 *

Annotations:
D:2 Sigmund


Innate Abilities, Weirdness & Mutations

You have very sharp teeth.
Your uncanny sense of smell can sniff out nearby items.
Your experience applies equally to all skills.


Message History

Your rat bites the wight but does no damage.
You hit the wight.
The wight is severely damaged.
The wight barely misses you.
You hit the wight but do no damage. You bite the wight, but do no damage.
The wight is severely damaged.
The wight hits your hound with a +4 mace!
The wight drains your hound.
Your hound bites the wight.
You barely miss the wight. You bite the wight, but do no damage.
The wight is severely damaged.
Your hound barely misses the wight.
Your rat bites the wight but does no damage.
You hit the wight but do no damage.
The wight is severely damaged.
The wight hits you with a +4 mace!
You feel drained.
Your hound barely misses the wight.
You hit the wight but do no damage.
The wight is severely damaged.
Your rat barely misses the wight.
Your hound closely misses the wight.
The wight hits you with a +4 mace!
* * * LOW HITPOINT WARNING * * *
You feel drained.
* * * LOW HITPOINT WARNING * * *
You swap places.
Your hound misses the wight.
Your rat bites the wight but does no damage.
The wight hits your hound with a +4 mace!
Your hound dies!
Your hound's corpse disappears in a puff of smoke!
Casting: Call Canine Familiar (dangerous; 11% risk of failure)
Confirm with . or Enter, or press ? or * to list all spells.
You miscast Call Canine Familiar.
You are very lightly contaminated with residual magic.
Nothing appears to happen.
The wight hits you with a +4 mace.
* * * LOW HITPOINT WARNING * * *
Casting: Call Canine Familiar (dangerous; 11% risk of failure)
Confirm with . or Enter, or press ? or * to list all spells.
You miscast Call Canine Familiar.
Nothing appears to happen.
The wight hits you with a +4 mace!
You die...
Your body crumbles into a pile of gold.

......#######>##.......#
# ......# #.##.......# #
......# #.##.......# #
......# #.##.......# #
..)..## #.##.......# #
..#### #.##...r...# #
..# #.#####'#### # ..#
#.#####r# # ..#
#...@zz.# # ..#
#.####### # ..# #.# #
..# #.# # .># #.# # ###
########.# #
#........#### #
#........+..# #
#........##'####### #


You could see 2 wights and a friendly rat (summoned).

Vanquished Creatures
  Eustachio (D:6)
  2 humans (D:7)
  A steam dragon (D:7)
  Duvessa (D:6)
  A water moccasin (D:7)
  A sky beast (D:7)
  An orc warrior (D:7)
  An ogre (D:4)
  A centaur (D:6)
  A phantom (D:5)
  A bullfrog (D:6)
  2 necrophages (D:6)
  A scorpion (D:5)
  Dowan (D:6)
  An electric eel (D:6)
  A hound (D:5)
  A jelly (D:6)
  Terence (D:2)
  An iguana (D:5)
  3 gnolls (D:3)
  An adder (D:5)
  A white imp (D:5)
  2 ufetubi
  4 worms
  A dart slug (D:2)
  9 orcs
  6 endoplasms
  6 giant cockroaches
  8 goblins
  9 hobgoblins
  10 kobolds
  6 quokkas
  5 ball pythons
  6 bats
  8 frilled lizards
  9 rats
115 creatures vanquished.

Vanquished Creatures (collateral kills)
  An ice beast (D:7)
  2 ogres (D:7)
  A necrophage (D:6)
  A scorpion (D:5)
  An iguana (D:7)
  2 orc wizards (D:7)
  2 gnolls (D:7)
  An orc (D:7)
11 creatures vanquished.

Vanquished Creatures (others)
  An orc (D:7)
  2 plants (D:6)
3 creatures vanquished.

Grand Total: 129 creatures vanquished

Notes
Turn   | Place    | Note
-------+----------+-------------------------------------------
     0 | D:5      | Reached skill level 9 in Stealth
     0 | D:5      | McGhostyFace the Gnoll Delver began the quest for the Orb.
     0 | D:5      | Reached XP level 1. HP: 23/23 MP: 1/1
    25 | D:5      | Reached XP level 2. HP: 21/29 MP: 2/2
   460 | D:5      | Reached skill level 1 in Invocations
   460 | D:5      | Reached XP level 3. HP: 35/35 MP: 2/4
   460 | D:5      | Noticed a scorpion
   536 | D:5      | Reached skill level 1 in Long Blades
   536 | D:5      | Reached skill level 1 in Axes
   536 | D:5      | Reached skill level 1 in Maces & Flails
   536 | D:5      | Reached skill level 1 in Polearms
   536 | D:5      | Reached skill level 1 in Staves
   536 | D:5      | Reached skill level 1 in Ranged Weapons
   536 | D:5      | Reached skill level 1 in Throwing
   536 | D:5      | Reached skill level 1 in Armour
   536 | D:5      | Reached skill level 1 in Shields
   536 | D:5      | Reached skill level 1 in Unarmed Combat
   536 | D:5      | Reached skill level 1 in Spellcasting
   536 | D:5      | Reached skill level 1 in Evocations
   536 | D:5      | Reached XP level 4. HP: 28/41 MP: 5/5
   639 | D:4      | Reached skill level 1 in Conjurations
   639 | D:4      | Reached skill level 1 in Hexes
   639 | D:4      | Reached skill level 1 in Summonings
   639 | D:4      | Reached skill level 1 in Necromancy
   639 | D:4      | Reached skill level 1 in Translocations
   639 | D:4      | Reached skill level 1 in Transmutations
   639 | D:4      | Reached skill level 1 in Fire Magic
   639 | D:4      | Reached skill level 1 in Ice Magic
   639 | D:4      | Reached skill level 1 in Air Magic
   639 | D:4      | Reached skill level 1 in Earth Magic
   639 | D:4      | Reached skill level 1 in Poison Magic
   931 | D:4      | Found a hide-covered altar of Uskayaw.
  1081 | D:4      | Noticed an ogre
  1433 | D:3      | Found the +4 robe of Augmentation {Str+4 Int+4 Dex+4}
  1531 | D:3      | Reached XP level 5. HP: 42/47 MP: 5/7
  1770 | D:2      | Noticed Sigmund
  2505 | D:1      | Found a faded altar of an unknown god.
  2787 | D:1      | Found Ymoywnao's Assorted Antiques.
  2794 | D:1      | Bought a scratched opal ring for 100 gold pieces
  3262 | D:2      | Noticed Terence
  3284 | D:2      | Killed Terence
  3605 | D:2      | Learned a level 1 spell: Summon Small Mammal
  3799 | D:3      | Reached XP level 6. HP: 50/53 MP: 8/8
  4170 | D:4      | Reached skill level 5 in Short Blades
  4170 | D:4      | Reached skill level 5 in Dodging
  4652 | D:5      | Reached XP level 7. HP: 54/60 MP: 7/10
  4916 | D:6      | Found a radiant altar of Vehumet.
  4978 | D:6      | Found an opulent altar of Gozag.
  4994 | D:6      | Reached skill level 10 in Stealth
  5003 | D:6      | Became a worshipper of Gozag Ym Sagoz the Greedy
  5089 | D:6      | Found a basalt altar of Yredelemnul.
  5264 | D:6      | Noticed Eustachio
  5326 | D:6      | Found a shimmering blue altar of Sif Muna.
  5358 | D:6      | Reached XP level 8. HP: 65/67 MP: 9/12
  5377 | D:6      | Noticed Duvessa
  5405 | D:6      | Killed Eustachio
  5667 | D:6      | Found a blossoming altar of Fedhas.
  5727 | D:6      | Noticed Dowan
  5783 | D:6      | Killed Duvessa
  5788 | D:6      | Killed Dowan
  6034 | D:7      | Found a staircase to the Ecumenical Temple.
  6037 | D:7      | Found the +3 woodcutter's axe {vorpal}
  6683 | D:7      | Found an iron altar of Okawaru.
  6764 | D:7      | Reached XP level 9. HP: 31/73 MP: 8/15
  7166 | D:6      | Learned a level 3 spell: Call Canine Familiar
  8026 | D:7      | Slain by a wight

Illustrated notes

Levels and vault maps discovered:
D:1:      dpeg_arrival_fog, layout_rooms, dreamdust_ecumenical_altar_statues,
          serial_shops, nicolae_shop_advertising_works
          [nicolae_subvault_shop_adworks]
D:2:      layout_basic, uniq_sigmund, uniq_terence
D:3:      layout_loops_cross
D:4:      layout_gridville, general_overflow_altar, minmay_liquid_box,
          dk_noncrumbling_2, kennysheep_nub
D:5:      layout_basic, minivault_11, minmay_misc_feat_plants
D:6:      layout_basic, mainiacjoe_overflow_small_starburst,
          mainiacjoe_overflow_paths, vehumet_altar_wand_db, fedhas_altar_1,
          lemuel_round_altar, nrook_pool_corridor, uniq_duvessa, uniq_eustachio
D:7:      layout_basic, okawaru_humans, minmay_temple_entry_mist

Skill      XL: |  1  2  3  4  5  6  7  8 |
---------------+-------------------------+-----
Stealth        | 10 | 10.5
Invocations    | 1 2 3 4 |  4.8
Long Blades    | 1 2 3 4 |  4.3
Axes           | 1 2 3 4 |  4.3
Maces & Flails | 1 2 3 4 |  4.3
Polearms       | 1 2 3 4 |  4.3
Staves         | 1 2 3 4 |  4.3
Ranged Weapons | 1 2 3 4 |  4.3
Throwing       | 1 2 3 4 |  4.3
Armour         | 1 2 3 4 |  4.3
Shields        | 1 2 3 4 |  4.3
Unarmed Combat | 1 2 3 4 |  4.3
Spellcasting   | 1 2 3 4 |  4.3
Evocations     | 1 2 3 4 |  4.3
Conjurations   | 1 2 3 |  3.5
Hexes          | 1 2 3 |  3.5
Summonings     | 1 2 3 |  3.5
Necromancy     | 1 2 3 |  3.5
Translocations | 1 2 3 |  3.5
Transmutations | 1 2 3 |  3.5
Fire Magic     | 1 2 3 |  3.5
Ice Magic      | 1 2 3 |  3.5
Air Magic      | 1 2 3 |  3.5
Earth Magic    | 1 2 3 |  3.5
Poison Magic   | 1 2 3 |  3.5
Short Blades   | 5 6 |  6.4
Dodging        | 5 6 |  6.4
Fighting       | 7 |  7.9

Action                   |  1- 3 |  4- 6 |  7- 9 || total
-------------------------+-------+-------+-------++-------
Melee: Short sword       |    32 |   302 |       ||   334
       Bite              |     3 |    29 |    21 ||    53
       Punch             |     1 |     6 |     4 ||    11
       Dagger            |       |    26 |   230 ||   256
 Cast: Summon Small Mamm |       |     6 |    55 ||    61
       Call Canine Famil |       |       |    11 ||    11
Evoke: Wand              |       |     1 |     2 ||     3
  Use: Potion            |       |     3 |     7 ||    10
       Scroll            |       |     9 |     1 ||    10
 Stab: Sleeping          |     2 |    33 |     5 ||    40
       Invisible         |       |     1 |     3 ||     4
Armor: Leather armour    |     3 |    62 |       ||    65
       Robe              |       |     9 |    33 ||    42
       Skin              |       |     2 |    39 ||    41
Dodge: Dodged            |    20 |   160 |   130 ||   310

Table legend: (Time is in decaauts)
 A = Elapsed time spent in this place.
 B = Non-inter-level travel time spent in this place.
 C = Inter-level travel time spent in this place.
 D = Time resting spent in this place.
 E = Time spent auto-exploring this place.
 F = Levels seen in this place.
 G = Mean time per level.
                   A        B        C        D        E       F      G
               +--------+--------+--------+--------+--------+-----+--------+
         Total |   7845 |   7434 |    411 |   1466 |   3694 |   7 | 1120.7 |
       Dungeon |   7845 |   7434 |    411 |   1466 |   3694 |   7 | 1120.7 |
               +--------+--------+--------+--------+--------+-----+--------+

Top non-repeatable levels by time:
     D:7: 1722 daAuts
     D:6: 1365 daAuts
     D:2: 1152 daAuts
     D:5: 974 daAuts
     D:4: 948 daAuts
     D:3: 912 daAuts
     D:1: 769 daAuts
